 Dungeon Crawl Stone Soup version 0.30.0-29-ga12c61a403 (webtiles) character file.

Game seed: 10901430387180221028

2877 qw the Cleaver (level 9, -7/55 HPs)
             Began as a Gargoyle Fighter on June 5, 2023.
             Was an Initiate of Okawaru.
             Mangled by Maggie
             ... wielding a +2 morningstar of flaming
              (16 damage)
             ... on level 7 of the Dungeon.
             The game lasted 00:04:02 (6564 turns).

qw the Cleaver (Gargoyle Fighter)                   Turns: 6564, Time: 00:04:03

Health: -7/55      AC: 19    Str: 30    XL:     9   Next: 76%
Magic:  8/8        EV:  7    Int:  9    God:    Okawaru [......]
Gold:   414        SH:  9    Dex:  9    Spells: 8/8 levels left

rFire   . . .        Y - +1 war axe (chaos)
rCold   . . .        f - +0 kite shield
rNeg    + . .        e - +0 plate armour
rPois   inf          (helmet restricted)
rElec   +            (no cloak)
rCorr   .            i - +0 pair of gloves
SInv    .            (no boots)
Will    .....        (no amulet) Stlth
                     l - +6 ring of strength
HPRegen 0.29/turn    (no ring)
MPRegen 0.11/turn

%: no passive effects
@: about to teleport
A: sickness immunity, AC +6, negative energy resistance 1, electricity
resistance, torment resistance 1, petrification resistance, antennae 1, low MP 1
a: Renounce Religion


You were on level 7 of the Dungeon.
You worshipped Okawaru.
Okawaru was noncommittal.
You visited 2 branches of the dungeon, and saw 9 of its levels.
You also visited: Sewer.

You collected 414 gold pieces.


Innate Abilities, Weirdness & Mutations

You are immune to sickness and miasma.
Your stone body is resilient. (AC +6)
You are immune to poison.
You resist negative energy. (rN+)
You are resistant to electric shocks. (rElec)
You are resistant to unholy torment.
You are immune to petrification.
You have a pair of small antennae on your head.
Your magical capacity is low. (-10% MP)


   Skills:
 - Level 6.0 Fighting
 - Level 9.0 Axes
 - Level 2.0 Throwing
 + Level 4.1 Armour
 - Level 1.3 Dodging
 - Level 8.1 Shields


You had 8 spell levels left.
You didn't know any spells.
Your spell library was empty.

Inventory:

Hand Weapons
 b - a +0 morningstar
 Y - a +1 war axe of chaos (weapon)
Missiles
 a - 9 boomerangs
 j - 6 javelins (quivered)
Armour
 e - a +0 plate armour (worn)
 f - a +0 kite shield (worn)
 i - a +0 pair of gloves (worn)
Jewellery
 l - a +6 ring of strength (left hand)
Scrolls
 c - a scroll of teleportation
 n - 3 scrolls of identify
Potions
 d - 3 potions of might
 g - 3 potions of resistance
 h - 2 potions of haste
 m - a potion of attraction
 o - a potion of mutation

Dungeon Overview and Level Annotations

Branches:
Dungeon (8/15)             Temple (1/1) D:7           Sewer (visited)
   Lair: D:8-11

Altars:
Ashenzari
Dithmenos
Elyvilon
Fedhas
Gozag
Kikubaaqudgha
Makhleb
Nemelex Xobeh
Okawaru
Qazlal
Ru
Sif Muna
Trog
Uskayaw
Vehumet
Wu Jian
Xom
Yredelemnul
Zin
The Shining One

Annotations:
D:7 Maggie


Message History

Enter note:
Enter note:
Enter note:
Enter note:
Enter note:
Enter note:
Enter note:
Enter note:
Enter note:
Enter note:
Enter note: You slash Maggie!
Maggie goes berserk!
Maggie is moderately wounded.
Maggie hits you but does no damage. You block Maggie's attack.
You hit Maggie.
Maggie is poisoned.
Maggie is moderately wounded.
Maggie hits you with a +2 morningstar of flaming.
Maggie burns you. You block Maggie's attack.
You slash Maggie!
Maggie seems to grow stronger.
Maggie is heavily wounded.
Maggie hits you with a +2 morningstar of flaming!
Maggie burns you.
Maggie hits you with a +2 morningstar of flaming!
Maggie burns you.
You slice Maggie!!
Maggie is severely wounded.
You block Maggie's attack.
You barely miss Maggie.
Maggie is severely wounded.
Maggie hits you but does no damage.
Maggie hits you with a +2 morningstar of flaming!
Maggie burns you.
6563 ||| READING 2 scrolls of teleportation.
As you read the scroll of teleportation, it crumbles to dust.
You feel strangely unstable. You block Maggie's attack.
You barely miss Maggie.
Maggie is severely wounded.
Maggie hits you with a +2 morningstar of flaming!
You die...

#.........#...........
#.....................
#..........#.../......
#..........#..........
#...(.................
#.....................
#.....................
#.....................
#...@@..#############.
#?....<.#.# ##
#...####....# # .##
#....# # #...## #
##...## #<....#
#.....# #...#..#


You could see Maggie (berserk, strong, very poisoned).

Vanquished Creatures
  Prince Ribbit (D:6)
  A wyvern (D:4)
  A steam dragon (D:6)
  A water moccasin (Sewer)
  An orc warrior (D:8)
  2 ice beasts
  A sky beast (D:7)
  2 black bears
  2 bullfrogs
  Blork the orc (D:4)
  3 scorpions
  A gnoll sergeant (D:3)
  3 wights (D:6)
  3 howler monkeys
  3 hounds
  A gnoll bouda (D:6)
  3 orc priests (D:8)
  2 iguanas (D:5)
  A jelly (D:4)
  A sleepcap (D:7)
  11 orc wizards
  26 gnolls
  6 adders
  An ufetubus (D:4)
  29 orcs
  8 ball pythons
  9 endoplasms
  9 giant cockroaches
  5 goblins
  7 hobgoblins
  20 jackals
  5 kobolds
  A quokka (D:1)
  14 bats
  8 frilled lizards
  4 rats
197 creatures vanquished.

Vanquished Creatures (others)
  2 orc wizards (D:4)
2 creatures vanquished.

Grand Total: 199 creatures vanquished

Notes
Turn   | Place    | Note
-------+----------+-------------------------------------------
     0 | D:1      | qw the Gargoyle Fighter began the quest for the Orb.
     0 | D:1      | Reached XP level 1. HP: 14/14 MP: 1/1
     0 | D:1      | 0 ||| qw: Version: 0.2-a-108-gee2c290
     0 | D:1      | 0 ||| qw: Game counter: 1378
     0 | D:1      | 0 ||| qw: Always use a shield: true
     0 | D:1      | 0 ||| qw: God list: Okawaru
     0 | D:1      | 0 ||| qw: Allow faded altars: false
     0 | D:1      | 0 ||| qw: Do Orc after D:15 true
     0 | D:1      | 0 ||| qw: Do second Lair branch before Depths: true
     0 | D:1      | 0 ||| qw: Lair rune preference: random
     0 | D:1      | 0 ||| qw: Plans: Normal, Zot:1-4, Slime:5, God:TSO, Crypt,
                  | Tomb, Abyss, Pan, Hells, Win
     0 | D:1      | 0 ||| PLANNING D:1-11
    42 | D:1      | Reached skill level 2 in Axes
   141 | D:1      | Reached XP level 2. HP: 19/19 MP: 2/2
   231 | D:1      | Reached skill level 3 in Axes
   293 | D:1      | Reached XP level 3. HP: 23/23 MP: 3/3
   560 | D:1      | 560 ||| READING scroll labelled OMMEGA ARASAJ.
   578 | D:1      | 578 ||| READING 2 scrolls labelled PIOHEUMM YRELI.
   579 | D:1      | 579 ||| READING 2 scrolls labelled GOCOT AWOJ.
   580 | D:1      | 580 ||| READING scroll labelled GUADER ROXOC.
   581 | D:1      | 581 ||| READING scroll labelled IDEYHU KIOKHLECS.
   582 | D:1      | 582 ||| DROPPING scroll of immolation.
   583 | D:1      | 583 ||| DROPPING scroll of magic mapping.
   809 | D:2      | 809 ||| Stepping ~*~*~tactically~*~*~ (stealth).
   814 | D:2      | 814 ||| Stepping ~*~*~tactically~*~*~ (stealth).
   818 | D:2      | 818 ||| Stepping ~*~*~tactically~*~*~ (stealth).
   819 | D:2      | 819 ||| Stepping ~*~*~tactically~*~*~ (stealth).
   820 | D:2      | 820 ||| DROPPING +0 club.
   821 | D:2      | 821 ||| Stepping ~*~*~tactically~*~*~ (stealth).
   848 | D:2      | Reached XP level 4. HP: 16/28 MP: 4/4
   995 | D:2      | 995 ||| Stepping ~*~*~tactically~*~*~ (stealth).
  1159 | D:2      | Found a hide-covered altar of Uskayaw.
  1298 | D:2      | 1298 ||| UPGRADING to +0 helmet.
  1303 | D:2      | 1303 ||| READING scroll labelled ZUTROA OWAUCO.
  1308 | D:2      | 1308 ||| READING scroll labelled JEGIX CEOBLU.
  1309 | D:2      | 1309 ||| READING scroll labelled WAKLEI PYSU.
  1310 | D:2      | 1310 ||| DRINKING 2 purple potions.
  1428 | D:3      | Reached skill level 4 in Axes
  1441 | D:3      | Noticed a black bear
  1442 | D:3      | 1442 ||| Stepping ~*~*~tactically~*~*~ (stealth).
  1460 | D:3      | Killed a black bear
  1461 | D:3      | Reached skill level 5 in Axes
  1461 | D:3      | Reached XP level 5. HP: 11/32 MP: 5/5
  1512 | D:3      | 1512 ||| Stepping ~*~*~tactically~*~*~ (stealth).
  1637 | D:3      | Found a white marble altar of Elyvilon.
  1639 | D:3      | Identified the +4 ring mail "Josiaso" {Regen+ Int+5}
  1776 | D:3      | 1776 ||| Stepping ~*~*~tactically~*~*~ (stealth).
  1785 | D:3      | 1785 ||| Stepping ~*~*~tactically~*~*~ (stealth).
  1797 | D:3      | 1797 ||| Stepping ~*~*~tactically~*~*~ (stealth).
  1799 | D:3      | 1799 ||| Stepping ~*~*~tactically~*~*~ (hiding).
  1802 | D:3      | 1802 ||| Stepping ~*~*~tactically~*~*~ (hiding).
  1803 | D:3      | 1803 ||| Stepping ~*~*~tactically~*~*~ (hiding).
  1804 | D:3      | 1804 ||| Stepping ~*~*~tactically~*~*~ (hiding).
  1919 | D:3      | Found a faded altar of an unknown god.
  2029 | D:3      | Reached skill level 1 in Dodging
  2029 | D:3      | Reached XP level 6. HP: 29/38 MP: 6/6
  2169 | D:3      | 2169 ||| FLEEEEING.
  2190 | D:3      | HP: 8/38 [something (2)]
  2198 | D:3      | HP: 5/38 [something/magic dart (2)]
  2199 | D:3      | 2199 ||| FLEEEEING.
  2200 | D:3      | 2200 ||| FLEEEEING.
  2201 | D:3      | 2201 ||| FLEEEEING.
  2202 | D:3      | 2202 ||| FLEEEEING.
  2203 | D:3      | 2203 ||| FLEEEEING.
  2204 | D:3      | 2204 ||| FLEEEEING.
  2205 | D:3      | 2205 ||| FLEEEEING.
  2206 | D:3      | 2206 ||| FLEEEEING.
  2207 | D:3      | 2207 ||| FLEEEEING.
  2209 | D:3      | 2209 ||| FLEEEEING.
  2210 | D:3      | 2210 ||| Stepping ~*~*~tactically~*~*~ (hiding).
  2211 | D:3      | 2211 ||| FLEEEEING.
  2219 | D:3      | 2219 ||| STAIRDANCE
  2322 | D:2      | 2322 ||| UPGRADING to +4 ring mail "Josiaso" {Regen+
                  | Int+5}.
  2332 | D:2      | 2332 ||| DROPPING +0 scale mail.
  2333 | D:2      | 2333 ||| UPGRADING to +6 ring of strength.
  2334 | D:2      | 2334 ||| READING scroll labelled KEVURI KITSA LER.
  2335 | D:2      | 2335 ||| DRINKING 3 glowing blue potions.
  2336 | D:2      | 2336 ||| READING 2 scrolls of identify.
  2336 | D:2      | 2336 ||| IDENTIFYING lumpy grey potion
  2337 | D:2      | 2337 ||| DROPPING potion of berserk rage.
  2338 | D:2      | 2338 ||| DROPPING 2 potions of degeneration.
  2345 | D:3      | 2345 ||| DROPPING +0 whip.
  2350 | D:3      | 2350 ||| Stepping ~*~*~tactically~*~*~ (hiding).
  2355 | D:3      | 2355 ||| Stepping ~*~*~tactically~*~*~ (hiding).
  2404 | D:3      | 2404 ||| READING scroll labelled TOADETT SUSMA.
  2412 | D:3      | 2412 ||| FLEEEEING.
  2413 | D:3      | 2413 ||| FLEEEEING.
  2430 | D:3      | Reached skill level 6 in Axes
  2430 | D:3      | Reached XP level 7. HP: 13/43 MP: 7/7
  2435 | D:3      | HP: 9/43 [gnoll/+0 halberd (4)]
  2480 | D:3      | 2480 ||| Stepping ~*~*~tactically~*~*~ (hiding).
  2533 | D:3      | 2533 ||| Stepping ~*~*~tactically~*~*~ (hiding).
  2553 | D:3      | 2553 ||| UPGRADING to +0 kite shield.
  2558 | D:3      | 2558 ||| UPGRADING to +0 buckler.
  2563 | D:3      | 2563 ||| UPGRADING to +0 kite shield.
  2566 | D:3      | 2566 ||| UPGRADING to +0 kite shield.
  2567 | D:3      | 2567 ||| UPGRADING to +0 kite shield.
  2568 | D:3      | 2568 ||| UPGRADING to +0 kite shield.
  2569 | D:3      | 2569 ||| UPGRADING to +0 kite shield.
  2570 | D:3      | 2570 ||| UPGRADING to +0 kite shield.
  2571 | D:3      | 2571 ||| UPGRADING to +0 kite shield.
  2572 | D:3      | 2572 ||| UPGRADING to +0 kite shield.
  2573 | D:3      | 2573 ||| UPGRADING to +0 kite shield.
  2574 | D:3      | 2574 ||| UPGRADING to +0 kite shield.
  2577 | D:3      | 2577 ||| UPGRADING to +0 kite shield.
  2578 | D:3      | 2578 ||| UPGRADING to +0 kite shield.
  2579 | D:3      | 2579 ||| UPGRADING to +0 kite shield.
  2580 | D:3      | 2580 ||| UPGRADING to +0 kite shield.
  2590 | D:3      | 2590 ||| DROPPING +0 buckler.
  2600 | D:3      | 2600 ||| READING 2 scrolls of identify.
  2600 | D:3      | 2600 ||| IDENTIFYING orange potion
  2914 | D:4      | Noticed a wyvern
  2930 | D:4      | Killed a wyvern
  2931 | D:4      | Reached skill level 6 in Shields
  2931 | D:4      | Reached XP level 8. HP: 20/48 MP: 8/8
  3175 | D:4      | Noticed Blork the orc
  3189 | D:4      | Killed Blork the orc
  3217 | D:4      | 3217 ||| DRINKING 2 fizzy red potions.
  3217 | D:4      | Gained mutation: Your magical capacity is low. (-10% MP)
                  | [potion of mutation]
  3217 | D:4      | Gained mutation: You have a pair of small antennae on your
                  | head. [potion of mutation]
  3218 | D:4      | 3218 ||| DROPPING +0 helmet.
  3219 | D:4      | 3219 ||| READING 5 scrolls of identify.
  3219 | D:4      | 3219 ||| IDENTIFYING grey potion
  3220 | D:4      | 3220 ||| READING 4 scrolls of identify.
  3220 | D:4      | 3220 ||| IDENTIFYING fuming cyan potion
  3221 | D:4      | 3221 ||| READING 3 scrolls of identify.
  3221 | D:4      | 3221 ||| IDENTIFYING sapphire potion
  3224 | D:4      | 3224 ||| DRINKING potion of curing.
  3224 | D:4      | 3224 ||| (to cure confusion)
  3253 | D:4      | Reached skill level 7 in Axes
  3499 | D:5      | Entered Level 5 of the Dungeon
  3553 | D:5      | 3553 ||| Stepping ~*~*~tactically~*~*~ (stealth).
  3560 | D:5      | 3560 ||| Stepping ~*~*~tactically~*~*~ (stealth).
  3713 | D:5      | Found a blossoming altar of Fedhas.
  4259 | D:5      | 4259 ||| READING 2 scrolls of identify.
  4259 | D:5      | 4259 ||| IDENTIFYING red potion
  4260 | D:5      | 4260 ||| DROPPING potion of brilliance.
  4285 | D:6      | 4285 ||| PLANNING SEWER
  4373 | D:6      | Reached skill level 1 in Throwing
  4544 | D:6      | Noticed Prince Ribbit
  4545 | D:6      | 4545 ||| Stepping ~*~*~tactically~*~*~ (stealth).
  4563 | D:6      | Killed Prince Ribbit
  4564 | D:6      | Reached XP level 9. HP: 54/54 MP: 8/8
  4791 | D:6      | Reached skill level 8 in Axes
  4826 | D:6      | Found a glowing drain.
  4827 | D:6      | 4827 ||| READING scroll labelled DUEJIM ONOZAGE.
  4828 | D:6      | 4828 ||| READING 2 scrolls of identify.
  4828 | D:6      | 4828 ||| IDENTIFYING viscous puce potion
  4829 | D:6      | 4829 ||| DROPPING potion of invisibility.
  4838 | Sewer    | Entered a sewer
  4916 | Sewer    | 4916 ||| READING scroll labelled ECZIFUUDWI.
  4925 | D:6      | 4925 ||| PLANNING D:1-11
  5043 | D:6      | HP: 6/55 [steam dragon/ball of steam (12)]
  5044 | D:6      | 5044 ||| READING 3 scrolls of teleportation.
  5045 | D:6      | 5045 ||| DRINKING potion of heal wounds.
  5105 | D:6      | You fall into a shaft and drop 2 floors!
  5126 | D:8      | 5126 ||| Stepping ~*~*~tactically~*~*~ (stealth).
  5153 | D:8      | Reached skill level 6 in Fighting
  5205 | D:8      | 5205 ||| DROPPING +2 flail of holy wrath.
  5252 | D:8      | 5252 ||| Stepping ~*~*~tactically~*~*~ (stealth).
  5289 | D:8      | 5289 ||| DRINKING potion of curing.
  5289 | D:8      | 5289 ||| (to cure confusion)
  5330 | D:8      | 5330 ||| UPGRADING to +0 plate armour.
  5340 | D:8      | 5340 ||| DROPPING +4 ring mail "Josiaso" {Regen+ Int+5}.
  5460 | D:6      | Identified the +9 dagger of Gozag, Jumping {protect, rC+
                  | Int+4 Dex-3}
  5465 | D:6      | 5465 ||| Stepping ~*~*~tactically~*~*~ (cloud).
  5773 | D:7      | 5773 ||| Stepping ~*~*~tactically~*~*~ (hiding).
  5940 | D:7      | 5940 ||| Stepping ~*~*~tactically~*~*~ (hiding).
  6020 | D:7      | Found a staircase to the Ecumenical Temple.
  6021 | D:7      | 6021 ||| PLANNING TEMPLE
  6021 | D:7      | 6021 ||| UPGRADING to +0 pair of gloves.
  6036 | Temple   | Entered the Ecumenical Temple
  6151 | Temple   | 6151 ||| PLANNING OKAWARU WORSHIP
  6228 | Temple   | Became a worshipper of Warmaster Okawaru
  6228 | Temple   | 6228 ||| PLANNING D:1-11
  6263 | D:7      | Reached skill level 9 in Axes
  6346 | D:7      | Found a stormy altar of Qazlal.
  6355 | D:7      | Found an opulent altar of Gozag.
  6554 | D:7      | Noticed Maggie
  6562 | D:7      | HP: 9/55 [Maggie/+2 morningstar of flaming (14)]
  6563 | D:7      | 6563 ||| READING 2 scrolls of teleportation.
  6564 | D:7      | Mangled by Maggie

Levels and vault maps discovered:
D:1:      heliophobic_arrival_ceremonial_halls, layout_rooms,
          minmay_pentomino_w4
D:2:      layout_rooms, basic_altar
D:3:      lemuel_castle_with_subvaults [lemuel_castle_interior_carwin_1],
          layout_basic, elyvilon_altar_4, hellmonk_ecumenical_altar_run_dry
D:4:      layout_gridville, minmay_a_box_with_orc_wizards_in_it,
          uniq_blork_the_orc
D:5:      layout_cave_pods, lemuel_doored_altar
D:6:      layout_loops_corners, portal_sewer_entry_d,
          nicolae_figureground_sparkle, uniq_prince_ribbit1
D:7:      layout_cave_pods, lemuel_tele_altar, grunt_qazlal_sundering,
          temple_statues, uniq_maggie
D:8:      layout_loops_ring, lair_entry_dummy, grunt_ministairs_15, uniq_joseph,
          uniq_grum
Temple:   nicolae_temple_slightly_damp_pantheon

Skill      XL: |  1  2  3  4  5  6  7  8  9 |
---------------+----------------------------+-----
Axes           | 2 3 5 6 7 9 |  9.0
Fighting       | 4 5 6 |  6.0
Dodging        | 1 |  1.3
Shields        | 6 7 8 |  8.1
Throwing       | 1 2 |  2.0
Armour         | 4 |  4.1

Action                     |  1- 3 |  4- 6 |  7- 9 || total
---------------------------+-------+-------+-------++-------
  Melee: War axe           |   107 |   172 |   338 ||   617
         Unarmed           |       |       |     9 ||     9
  Throw: Boomerang         |       |    45 |    60 ||   105
         Javelin           |       |       |     2 ||     2
    Use: Scroll            |     5 |     6 |    10 ||    21
         Potion            |       |     2 |     4 ||     6
   Stab: Confused          |       |       |     1 ||     1
 Armour: Scale mail        |    62 |   117 |       ||   179
         Ring mail         |       |    14 |   151 ||   165
         Skin              |       |       |     1 ||     1
         Plate armour      |       |       |    23 ||    23
  Dodge: Dodged            |    56 |    95 |   155 ||   306
  Block: Buckler           |    19 |    37 |    10 ||    66
         Kite shield       |       |       |   115 ||   115

Table legend:
 A = Non-vault XP
 B = Vault XP
 C = Vault XP percentage of total XP
 D = Non-vault monster count
 E = Vault monster count
 F = Vault count percentage of total count
                 A         B        C        D         E       F
            +---------+---------+-------+---------+---------+-------
      Total |    2694 |    1417 |  34.5 |     127 |      71 |  35.9
            +---------+---------+-------+---------+---------+-------
        D:1 |      39 |      11 |  22.0 |      23 |       6 |  20.7
        D:2 |      38 |       0 |   0.0 |      17 |       0 |   0.0
        D:3 |     197 |     482 |  71.0 |      20 |      47 |  70.1
        D:4 |     524 |     267 |  33.8 |      22 |       7 |  24.1
        D:5 |     299 |       0 |   0.0 |       6 |       0 |   0.0
        D:6 |     955 |     282 |  22.8 |      18 |       2 |  10.0
        D:7 |     300 |       0 |   0.0 |       9 |       0 |   0.0
        D:8 |     342 |     221 |  39.3 |      12 |       2 |  14.3
      Sewer |       0 |     154 | 100.0 |       0 |       7 | 100.0
            +---------+---------+-------+---------+---------+-------
